[Event "42nd Olympiad Baku 2016 Open"]
[Site "Baku"]
[Date "2016.09.04"]
[Round "3.6"]
[White "Rodgaard, John"]
[Black "Belzo, Krzysztof"]
[Result "1-0"]
[ECO "A38"]
[WhiteElo "2345"]
[BlackElo "2044"]
[Annotator ""]
[PlyCount "61"]
[EventDate "2016.??.??"]
[EventCountry "AZE"]
[SourceTitle "playchess.com"]
[Source "ChessBase"]
[WhiteTeam "Faroe Islands"]
[BlackTeam "Channel Islands"]
[WhiteTeamCountry "FAI"]
[BlackTeamCountry "JCI"]
[TimeControl "40/5400+30:1800+30"]

1. c4 {(00:00)} c5 {(00:00)} 2. Nf3 {(00:21)} Nc6 {
(00:00)} 3. Nc3 {(01:46)} g6 {(01:23)} 4. g3 {(01:
29)} Bg7 {(00:04)} 5. Bg2 {(00:07)} Nf6 {(00:37)} 6. d4 {
(01:20)} cxd4 {(00:11)} 7. Nxd4 {(00:10)} Nxd4 {(
00:47)} 8. Qxd4 {(00:10)} O-O {(01:14)} 9. c5 {(00:52)}
Ne8 {(06:26)} 10. Qb4 {(06:26)} Nc7 {(24:29)} 11. O-O {
(08:21)} Ne6 {(04:21)} 12. Be3 {(06:48)} a5 {(06:
47)} 13. Qc4 {(11:14)} Ra6 {(11:51)} 14. Rfd1 {(07:08)}
Re8 {(00:50)} 15. Rd2 {(08:25)} Qc7 {(03:35)} 16. Rad1 {
(04:41)} Bxc3 {(07:02)} 17. Qxc3 {(00:56)} a4 {(03:
20)} 18. Rc2 {(06:25)} Rd8 {(12:16)} 19. f4 {(02:08)} f6 {
(04:07)} 20. Be4 {(06:30)} Kg7 {(01:25)} 21. Bf3 {(
05:13)} h5 {(02:33)} 22. Qc4 {(04:14)} Qb8 {(02:13)} 23.
Kf2 {(01:46)} Qc7 {(00:07)} 24. Rd5 {(00:46)} f5 {(
02:05)} 25. Rdd2 {(04:19)} Ra5 {(02:01)} 26. Qb4 {(01:01)}
Ra6 {(00:23)} 27. Rc4 {(00:38)} Qa5 {(01:50)} 28. Qxa5 {
(01:32)} Rxa5 {(00:01)} 29. Rd3 {(01:01)} d6 {(00:
40)} 30. cxd6 {(00:23)} exd6 {(00:26)} 31. Bb6 {(00:17)}
1-0

[Event "42nd Olympiad Baku 2016 Open"]
[Site "Baku"]
[Date "2016.09.04"]
[Round "3.5"]
[White "Rodshtein, Maxim"]
[Black "Ivanisevic, Ivan"]
[Result "1/2-1/2"]
[ECO "A27"]
[WhiteElo "2687"]
[BlackElo "2650"]
[Annotator ""]
[PlyCount "114"]
[EventDate "2016.??.??"]
[EventCountry "AZE"]
[SourceTitle "playchess.com"]
[Source "ChessBase"]
[WhiteTeam "Israel"]
[BlackTeam "Serbia"]
[WhiteTeamCountry "ISR"]
[BlackTeamCountry "SRB"]
[TimeControl "40/5400+30:1800+30"]

1. c4 {(00:00)} e5 {(03:55)} 2. Nc3 {(00:00)} Nc6 {
(00:29)} 3. Nf3 {(00:28)} f5 {(00:06)} 4. g3 {(00:
36)} Nf6 {(00:25)} 5. d4 {(00:43)} e4 {(00:06)} 6. Nh4 {
(00:08)} d6 {(00:14)} 7. Ng2 {(01:09)} Be7 {(03:54]
} 8. Nf4 {(00:31)} O-O {(00:11)} 9. h4 {(02:20)} Nb4 {
(24:08)} 10. a3 {(22:10)} Na6 {(00:09)} 11. Ncd5 {(
11:19)} Nxd5 {(03:38)} 12. cxd5 {(02:10)} c6 {(04:45)} 13.
dxc6 {(13:41)} bxc6 {(02:00)} 14. e3 {(01:10)} Nc7 {
(02:32)} 15. Qa4 {(09:34)} Bd7 {(01:30)} 16. Bd2 {(
01:23)} d5 {(04:09)} 17. Qa5 {(03:51)} Rb8 {(02:00)} 18.
Bb4 {(10:38)} Bxb4+ {(24:54)} 19. axb4 {(00:06)} Qe7 {
(00:05)} 20. Be2 {(05:39)} Rb7 {(04:51)} 21. O-O {(
02:09)} Ra8 {(01:34)} 22. Ra4 {(02:17)} Rab8 {(08:31)} 23.
Rfa1 {(01:11)} Ne8 {(01:28)} 24. Qc5 {(03:55)} Qxc5 {
(00:42)} 25. bxc5 {(00:05)} Rxb2 {(00:15)} 26. Rxa7 {
(00:05)} R2b7 {(01:58)} 27. Rxb7 {(04:24)} Rxb7 {(
00:07)} 28. Ra8 {(00:37)} Kf7 {(00:38)} 29. Kg2 {(00:06)}
Nf6 {(00:41)} 30. Ra6 {(02:02)} Ke7 {(00:59)} 31. Nh5 {
(00:31)} Ne8 {(00:06)} 32. Ra2 {(00:23)} g6 {(00:
19)} 33. Nf4 {(00:03)} Nf6 {(00:04)} 34. Bd1 {(00:51)} Kf7
{(01:47)} 35. Ne2 {(00:32)} Ke7 {(00:48)} 36. Nc3 {
(00:28)} h6 {(01:19)} 37. Na4 {(00:26)} Ra7 {(00:
32)} 38. Rb2 {(00:32)} g5 {(01:35)} 39. hxg5 {(00:27)}
hxg5 {(00:06)} 40. Rb4 {(00:00)} Be8 {(00:00)} 41. Rb8 {
(12:19)} f4 {(04:47)} 42. gxf4 {(03:58)} gxf4 {(00:
06)} 43. exf4 {(08:42)} Bh5 {(00:06)} 44. Bb3 {(00:35)}
Be2 {(05:52)} 45. f5 {(01:03)} Nh5 {(01:51)} 46. Kh3 {
(06:28)} Kf6 {(05:08)} 47. Nc3 {(00:44)} Bf3 {(02:
01)} 48. Bd1 {(00:24)} Kxf5 {(03:33)} 49. Rf8+ {(00:29)}
Nf6 {(00:11)} 50. Bxf3 {(00:09)} exf3 {(00:17)} 51. Kg3 {
(00:48)} Ra1 {(02:17)} 52. Rf7 {(00:56)} Ra3 {(00:
47)} 53. Nd1 {(00:32)} Ke6 {(01:48)} 54. Rc7 {(00:07)}
Ne4+ {(00:11)} 55. Kf4 {(00:05)} Rd3 {(01:37)} 56. Ne3 {
(00:07)} Rxd4 {(00:33)} 57. Kxf3 {(00:19)} Rd2 {(
01:19] Kxe4 Ke5+} 1/2-1/2

[Event "42nd Olympiad Baku 2016 Open"]
[Site "Baku"]
[Date "2016.09.04"]
[Round "3.2"]
[White "Salgado Lopez, Ivan"]
[Black "Maze, Sebastien"]
[Result "1/2-1/2"]
[ECO "C50"]
[WhiteElo "2662"]
[BlackElo "2617"]
[Annotator ""]
[PlyCount "123"]
[EventDate "2016.??.??"]
[EventCountry "AZE"]
[SourceTitle "playchess.com"]
[Source "ChessBase"]
[WhiteTeam "Spain"]
[BlackTeam "France"]
[WhiteTeamCountry "ESP"]
[BlackTeamCountry "FRA"]
[TimeControl "40/5400+30:1800+30"]

1. e4 {(00:00)} e5 {(00:00)} 2. Nf3 {(00:00)} Nc6 {
(00:00)} 3. Bc4 {(00:00)} Bc5 {(00:13)} 4. d3 {(00:
09)} Nf6 {(00:29)} 5. Bg5 {(00:07)} h6 {(03:10)} 6. Bh4 {
(00:53)} a6 {(06:07)} 7. c3 {(01:37)} Be7 {(04:21)}
8. a4 {(06:49)} d6 {(05:39)} 9. Bg3 {(02:06)} O-O {
(03:12)} 10. h3 {(00:47)} Nh7 {(03:25)} 11. Nbd2 {(
08:00)} Kh8 {(01:17)} 12. d4 {(09:51)} exd4 {(03:29)} 13.
cxd4 {(02:09)} f5 {(02:40)} 14. exf5 {(02:29)} Bxf5 {
(25:25)} 15. d5 {(01:01)} Nb4 {(02:18)} 16. Nd4 {(
02:09)} Bh4 {(02:40)} 17. O-O {(03:25)} Bxg3 {(00:17)} 18.
fxg3 {(00:27)} Bd7 {(03:54)} 19. Rxf8+ {(14:04)} Qxf8 {
(00:46)} 20. N2f3 {(00:11)} a5 {(00:52)} 21. Qd2 {(
04:47)} Re8 {(04:06)} 22. Rf1 {(06:31)} Qe7 {(00:53)} 23.
Nh4 {(11:10)} Qg5 {(05:57)} 24. Rf4 {(06:45)} Qxg3 {
(05:05)} 25. Ne6 {(01:55)} Bxe6 {(03:25)} 26. dxe6 {
(00:07)} d5 {(01:25)} 27. Nf5 {(10:04)} Qg6 {(03:
01)} 28. Bxd5 {(00:19)} Nxd5 {(01:56)} 29. Qxd5 {(00:05)}
Ng5 {(02:21)} 30. Kh1 {(04:46)} Qxe6 {(01:36)} 31. Qxa5 {
(00:47)} b6 {(01:18)} 32. Qc3 {(01:09)} Qe1+ {(00:
04)} 33. Qxe1 {(00:07)} Rxe1+ {(00:03)} 34. Kh2 {(00:07)}
Ne6 {(00:50)} 35. Rc4 {(01:11)} c5 {(03:18)} 36. b4 {
(01:01)} Kh7 {(00:58)} 37. Nd6 {(00:40)} cxb4 {(01:
14)} 38. Rxb4 {(00:08)} Nc5 {(00:10)} 39. Nc8 {(00:25)}
Re2 {(00:50)} 40. Nxb6 {(00:00)} Nd3 {(00:00)} 41. Rg4 {
(07:50)} g5 {(00:38)} 42. Nd5 {(02:31)} Ra2 {(06:
49)} 43. Rc4 {(01:51)} Ne5 {(03:58)} 44. Rc7+ {(02:53)}
Kg6 {(00:42)} 45. Nc3 {(00:57)} Rc2 {(01:55)} 46. Kg1 {
(02:18)} g4 {(01:52)} 47. Kh2 {(04:12)} h5 {(07:49]
} 48. hxg4 {(05:36)} Nxg4+ {(00:38)} 49. Kg3 {(00:36)} Ne3
{(01:12)} 50. a5 {(01:02)} h4+ {(08:30)} 51. Kf3 {(
02:24)} Nd1 {(00:28)} 52. Nd5 {(00:57)} Rf2+ {(00:15)} 53.
Ke4 {(00:51)} Re2+ {(00:56)} 54. Kd4 {(00:35)} Ra2 {
(00:19)} 55. Rc5 {(02:23)} Ra4+ {(00:30)} 56. Ke5 {
(00:39)} Kg5 {(00:14)} 57. Nf6 {(01:16)} Ne3 {(01:
09)} 58. Ke6+ {(00:49)} Kg6 {(01:02)} 59. Ng8 {(00:27)}
Re4+ {(00:38)} 60. Re5 {(00:22)} Rxe5+ {(00:03)} 61. Kxe5
{(00:03)} Nc4+ {(00:03)} 62. Kf4 1/2-1/2

[Event "42nd Olympiad Baku 2016 Open"]
[Site "Baku"]
[Date "2016.09.04"]
[Round "3.2"]
[White "Salih, Akar Ali Salih"]
[Black "Strugnell, Carl"]
[Result "0-1"]
[ECO "C44"]
[WhiteElo "2302"]
[BlackElo "2239"]
[Annotator ""]
[PlyCount "52"]
[EventDate "2016.??.??"]
[EventCountry "AZE"]
[SourceTitle "playchess.com"]
[Source "ChessBase"]
[WhiteTeam "Iraq"]
[BlackTeam "Wales"]
[WhiteTeamCountry "IRQ"]
[BlackTeamCountry "WLS"]
[TimeControl "40/5400+30:1800+30"]

1. e4 {(00:00)} e5 {(00:36)} 2. Nf3 {(00:00)} Nc6 {
(00:05)} 3. d4 {(05:04)} exd4 {(00:07)} 4. Bc4 {(
00:07)} Bc5 {(00:27)} 5. O-O {(01:43)} d6 {(01:50)} 6. c3
{(00:54)} Bg4 {(04:31)} 7. Qb3 {(10:53)} Bxf3 {(01:
24)} 8. Bxf7+ {(04:34)} Kf8 {(00:05)} 9. gxf3 {(00:08)}
Nf6 {(09:19)} 10. Bc4 {(10:08)} Qd7 {(06:38)} 11. Kg2 {
(16:28)} Re8 {(13:57)} 12. Bf4 {(06:13)} Bb6 {(05:
11)} 13. Nd2 {(12:43)} Na5 {(09:25)} 14. Qb5 {(08:32)}
dxc3 {(03:33)} 15. bxc3 {(00:56)} Nxc4 {(02:07)} 16. Qxc4
{(00:07)} g5 {(04:10)} 17. Bg3 {(03:06)} h5 {(07:
43)} 18. h3 {(04:52)} Rg8 {(04:33)} 19. Qe2 {(03:03)} h4 {
(03:15)} 20. Bh2 {(00:05)} d5 {(05:01)} 21. Rae1 {(
03:30)} Re7 {(02:32)} 22. e5 {(06:24)} Qf5 {(01:43)} 23.
Nb3 {(00:53)} c5 {(06:40)} 24. Qb5 {(00:05)} g4 {(
01:23)} 25. fxg4 {(00:16)} Nxg4 {(02:13)} 26. hxg4 {(00:
10)} h3+ {(00:29)} 0-1

[Event "42nd Olympiad Baku 2016 Open"]
[Site "Baku"]
[Date "2016.09.04"]
[Round "3.8"]
[White "Saltos Velez, Adrian"]
[Black "Johnson, Joshua"]
[Result "0-1"]
[ECO "A05"]
[WhiteElo "2088"]
[BlackElo "2119"]
[Annotator ""]
[PlyCount "86"]
[EventDate "2016.??.??"]
[EventCountry "AZE"]
[SourceTitle "playchess.com"]
[Source "ChessBase"]
[WhiteTeam "Ecuador"]
[BlackTeam "TTO"]
[WhiteTeamCountry "ECU"]
[TimeControl "40/5400+30:1800+30"]

1. Nf3 {(00:00)} Nf6 {(00:00)} 2. g3 {(00:42)} g6 {
(00:00)} 3. Bg2 {(00:09)} Bg7 {(00:00)} 4. O-O {(
00:53)} O-O {(00:08)} 5. c4 {(02:24)} Nc6 {(01:40)} 6. Nc3
{(02:58)} a6 {(03:59)} 7. Rb1 {(09:18)} d5 {(04:27]
} 8. cxd5 {(17:55)} Nxd5 {(00:07)} 9. Nxd5 {(01:22)} Qxd5
{(00:04)} 10. b3 {(00:50)} Qc5 {(18:15)} 11. Bb2 {(
04:06)} e5 {(15:08)} 12. d3 {(03:55)} Rd8 {(02:37)} 13.
Nd2 {(03:15)} Nd4 {(03:29)} 14. Rc1 {(02:52)} Qe7 {
(04:05)} 15. e3 {(08:39)} Nb5 {(11:54)} 16. a4 {(
01:45)} Na7 {(01:40)} 17. Qc2 {(01:18)} c6 {(07:11)} 18.
Nc4 {(03:00)} Bf5 {(01:38)} 19. Rfd1 {(01:21)} Qc7 {
(04:34)} 20. Bc3 {(06:38)} Rab8 {(03:32)} 21. Ba5 {
(06:26)} b6 {(00:08)} 22. Be1 {(00:09)} a5 {(02:31]
} 23. Be4 {(02:56)} Bg4 {(02:56)} 24. Rd2 {(02:17)} c5 {
(02:37)} 25. Na3 {(02:03)} Nc6 {(01:01)} 26. Nb5 {(
03:30)} Qd7 {(01:24)} 27. f3 {(09:20)} Be6 {(00:42)} 28.
Bxc6 {(00:24)} Qxc6 {(00:08)} 29. Qd1 {(00:41)} Bh6 {
(01:41)} 30. Kf2 {(01:47)} Bd7 {(03:09)} 31. d4 {(
00:51)} exd4 {(00:14)} 32. Nxd4 {(00:39)} cxd4 {(00:41)}
33. Rxc6 {(00:37)} dxe3+ {(00:11)} 34. Kg1 {(00:57)} exd2
{(00:16)} 35. Rd6 {(00:22)} dxe1=Q+ {(00:47)} 36. Qxe1 {
(00:03)} Rbc8 {(02:22)} 37. Qe2 {(01:27)} Bf8 {(01:
12)} 38. Rd1 {(00:13)} Be6 {(00:25)} 39. Rxd8 {(00:24)}
Rxd8 {(00:04)} 40. Qc2 {(00:00)} Bb4 {(00:00)} 41. Qc7 {
(01:11)} Rc8 {(06:09)} 42. Qb7 {(00:24)} h5 {(00:
45)} 43. Kf1 {(00:23)} Rc2 {(00:24)} 0-1

[Event "42nd Olympiad Baku 2016 Open"]
[Site "Baku"]
[Date "2016.09.04"]
[Round "3.8"]
[White "Sanikidze, Tornike"]
[Black "Petrik, Tomas"]
[Result "1-0"]
[ECO "E12"]
[WhiteElo "2497"]
[BlackElo "2464"]
[Annotator ""]
[PlyCount "75"]
[EventDate "2016.??.??"]
[EventCountry "AZE"]
[SourceTitle "playchess.com"]
[Source "ChessBase"]
[WhiteTeam "Georgia"]
[BlackTeam "Slovakia"]
[WhiteTeamCountry "GEO"]
[BlackTeamCountry "SVK"]
[TimeControl "40/5400+30:1800+30"]

1. d4 {(00:00)} e6 {(00:00)} 2. c4 {(00:16)} Nf6 {(
00:07)} 3. Nf3 {(00:20)} b6 {(01:48)} 4. a3 {(00:11)} Bb7
{(00:55)} 5. Nc3 {(00:10)} d5 {(01:12)} 6. cxd5 {(
00:09)} Nxd5 {(01:15)} 7. Qa4+ {(00:09)} Nd7 {(03:34)} 8.
Nxd5 {(00:23)} Bxd5 {(00:32)} 9. Qc2 {(00:07)} Be7 {
(11:32)} 10. e4 {(03:24)} Bb7 {(00:57)} 11. Bb5 {(
00:06)} O-O {(27:25)} 12. Bc6 {(00:41)} Bxc6 {(21:28)} 13.
Qxc6 {(00:11)} Rc8 {(00:11)} 14. O-O {(00:15)} Nb8 {
(00:48)} 15. Qa4 {(00:28)} Qd7 {(02:54)} 16. Qxa7 {
(05:42)} Qb5 {(02:32)} 17. Qb7 {(12:00)} Nd7 {(10:
33)} 18. e5 {(19:50)} Ra8 {(03:11)} 19. Qxc7 {(07:11)} Qd5
{(04:18)} 20. Qc2 {(00:59)} Rfc8 {(00:07)} 21. Qd1 {
(00:12)} h6 {(00:40)} 22. Be3 {(03:16)} b5 {(00:17]
} 23. Nd2 {(14:17)} Nb6 {(00:34)} 24. Qg4 {(02:04)} Kf8 {
(02:04)} 25. Ne4 {(05:32)} Rc2 {(01:27)} 26. Ng3 {(
00:12)} Rxb2 {(01:54)} 27. Nh5 {(01:45)} g5 {(00:05)} 28.
h4 {(00:19)} Nc4 {(00:37)} 29. Bc1 {(00:03)} Rc2 {(
01:00)} 30. hxg5 {(00:13)} hxg5 {(00:28)} 31. Bxg5 {(00:
39)} Bxg5 {(00:32)} 32. Qxg5 {(00:05)} Rd8 {(00:32)} 33.
Rad1 {(03:15)} Ra2 {(00:30)} 34. Nf6 {(05:56)} Qa8 {
(00:24)} 35. d5 {(00:33)} exd5 {(00:20)} 36. Rxd5 {
(00:32)} Rxa3 {(00:45)} 37. e6 {(00:14)} Rxd5 {(00:
25)} 38. Nxd5 {(00:16)} 1-0

[Event "42nd Olympiad Baku 2016 Open"]
[Site "Baku"]
[Date "2016.09.04"]
[Round "3.29"]
[White "Saric, Ivan"]
[Black "Jumabayev, Rinat"]
[Result "1/2-1/2"]
[ECO "C95"]
[WhiteElo "2668"]
[BlackElo "2604"]
[Annotator ""]
[PlyCount "66"]
[EventDate "2016.??.??"]
[EventCountry "AZE"]
[SourceTitle "playchess.com"]
[Source "ChessBase"]
[WhiteTeam "Croatia"]
[BlackTeam "Kazakhstan"]
[WhiteTeamCountry "CRO"]
[BlackTeamCountry "KAZ"]
[TimeControl "40/5400+30:1800+30"]

1. e4 {(00:00)} e5 {(00:00)} 2. Nf3 {(00:00)} Nc6 {
(00:00)} 3. Bb5 {(00:02)} a6 {(00:00)} 4. Ba4 {(00:
03)} Nf6 {(00:00)} 5. O-O {(00:07)} Be7 {(00:00)} 6. Re1 {
(00:06)} b5 {(00:00)} 7. Bb3 {(00:04)} d6 {(00:01)}
8. c3 {(00:05)} O-O {(00:04)} 9. h3 {(00:05)} Nb8 {
(00:03)} 10. d4 {(00:19)} Nbd7 {(00:06)} 11. Nbd2 {
(00:17)} Bb7 {(00:06)} 12. Bc2 {(00:12)} Re8 {(00:
05)} 13. Nf1 {(00:08)} Bf8 {(00:04)} 14. Ng3 {(00:06)} g6
{(00:05)} 15. a4 {(02:44)} Nb6 {(00:11)} 16. b3 {(
02:11)} bxa4 {(04:58)} 17. bxa4 {(00:07)} a5 {(00:02)} 18.
Rb1 {(01:14)} Ba6 {(00:26)} 19. Bb3 {(01:45)} Qd7 {
(16:33)} 20. Qc2 {(10:12)} Bc4 {(02:02)} 21. Bxc4 {
(03:48)} Nxc4 {(00:11)} 22. Qa2 {(04:38)} Nb6 {(05:
33)} 23. Rb5 {(02:10)} Qc6 {(00:32)} 24. Bg5 {(18:35)}
Nfd7 {(08:41)} 25. Ra1 {(00:24)} Qc4 {(04:28)} 26. Rb3 {
(04:45)} d5 {(03:40)} 27. Nd2 {(11:27)} Qc6 {(01:
18)} 28. Rb5 {(00:47)} Qxc3 {(14:28)} 29. exd5 {(00:37)}
exd4 {(00:47)} 30. Rb3 {(04:41)} Qc5 {(01:19)} 31. Rb5 {
(00:27)} Qc3 {(05:20)} 32. Rb3 {(04:12)} Qc5 {(02:
49)} 33. Rb5 {(00:09)} Qc3 {(19:14)} 1/2-1/2

[Event "42nd Olympiad Baku 2016 Open"]
[Site "Baku"]
[Date "2016.09.04"]
[Round "3.16"]
[White "Schandorff, Lars"]
[Black "Hague, Ben"]
[Result "1-0"]
[ECO "A33"]
[WhiteElo "2515"]
[BlackElo "2341"]
[Annotator ""]
[PlyCount "137"]
[EventDate "2016.??.??"]
[EventCountry "AZE"]
[SourceTitle "playchess.com"]
[Source "ChessBase"]
[WhiteTeam "Denmark"]
[BlackTeam "New Zealand"]
[WhiteTeamCountry "DEN"]
[BlackTeamCountry "NZL"]
[TimeControl "40/5400+30:1800+30"]

1. Nf3 {(00:00)} c5 {(00:00)} 2. c4 {(00:00)} Nc6 {
(00:00)} 3. d4 {(02:18)} cxd4 {(00:00)} 4. Nxd4 {(
00:03)} Nf6 {(00:14)} 5. Nc3 {(00:24)} e6 {(00:25)} 6. Bg5
{(04:56)} Bb4 {(09:14)} 7. Rc1 {(02:47)} h6 {(06:
18)} 8. Bxf6 {(02:33)} Qxf6 {(00:27)} 9. e3 {(00:06)} O-O
{(02:29)} 10. Be2 {(07:55)} Nxd4 {(06:01)} 11. Qxd4 {
(10:11)} Qxd4 {(07:05)} 12. exd4 {(03:18)} b6 {(01:
00)} 13. a3 {(03:46)} Be7 {(01:19)} 14. Bf3 {(08:10)} Rb8
{(00:29)} 15. a4 {(00:37)} Bf6 {(15:18)} 16. Rd1 {(
01:34)} Ba6 {(02:37)} 17. b3 {(01:21)} d5 {(01:33)} 18.
cxd5 {(05:44)} exd5 {(00:42)} 19. Nxd5 {(08:52)} Rfe8+ {
(01:06)} 20. Ne3 {(00:07)} Rbd8 {(06:46)} 21. Be2 {
(03:08)} Bxe2 {(06:04)} 22. Kxe2 {(00:05)} Bxd4 {(
00:39)} 23. Rd3 {(09:37)} Bxe3 {(07:28)} 24. Rxd8 {(02:19]
} Rxd8 {(00:05)} 25. Kxe3 {(00:08)} Kf8 {(00:32)} 26. Rc1
{(00:29)} Rd7 {(00:28)} 27. g4 {(11:13)} Ke7 {(05:
24)} 28. h4 {(00:16)} Kf6 {(01:30)} 29. f4 {(03:15)} Re7+
{(06:39)} 30. Kf3 {(01:15)} Rd7 {(00:22)} 31. Ke4 {
(02:09)} Re7+ {(00:56)} 32. Kf3 {(00:08)} Rd7 {(00:
14)} 33. Rc6+ {(00:38)} Ke7 {(00:06)} 34. Ke4 {(00:14)}
Kd8 {(02:29)} 35. Rc4 {(02:48)} Re7+ {(02:01)} 36. Kf3 {
(01:12)} Rd7 {(00:52)} 37. Ke4 {(00:20)} Re7+ {(01:
44)} 38. Kf3 {(00:06)} Rd7 {(00:12)} 39. Ke3 {(02:13)}
Re7+ {(03:18)} 40. Kf2 {(00:00)} Kd7 {(00:00)} 41. h5 {
(15:58)} g6 {(08:25)} 42. hxg6 {(09:01)} fxg6 {(00:
07)} 43. b4 {(01:00)} Re6 {(07:13)} 44. b5 {(00:37)} Rd6 {
(00:37)} 45. Kg3 {(02:48)} Rd3+ {(12:26)} 46. Kh4 {
(00:07)} Rf3 {(00:23)} 47. Rc6 {(01:27)} Rxf4 {(00:
21)} 48. Rxg6 {(00:04)} Rxa4 {(00:07)} 49. Rxh6 {(00:05)}
Ke7 {(02:28)} 50. Rh7+ {(01:23)} Kf8 {(00:53)} 51. Kh5 {
(00:27)} Rb4 {(02:38)} 52. Rxa7 {(00:58)} Rxb5+ {(
00:16)} 53. g5 {(00:08)} Rb1 {(03:16)} 54. Kg6 {(02:16)}
b5 {(00:17)} 55. Rf7+ {(01:04)} Kg8 {(00:48)} 56. Rb7 {
(00:11)} Kf8 {(00:29)} 57. Rb8+ {(00:34)} Ke7 {(00:
04)} 58. Kg7 {(00:06)} b4 {(00:15)} 59. g6 {(00:26)} b3 {
(00:04)} 60. Kg8 {(00:34)} b2 {(00:19)} 61. g7 {(
00:15)} Kd7 {(00:38)} 62. Rb3 {(02:55)} Ke7 {(00:43)} 63.
Re3+ {(00:30)} Kd7 {(01:10)} 64. Re2 {(00:15)} Kd6 {
(00:15)} 65. Rh2 {(00:21)} Ke7 {(03:14)} 66. Kh7 {(
00:34)} Rg1 {(00:12)} 67. Rxb2 {(00:07)} Rh1+ {(00:04)}
68. Kg8 {(00:08)} Ra1 {(00:19)} 69. Rh2 {(01:07)} 1-0

[Event "42nd Olympiad Baku 2016 Open"]
[Site "Baku"]
[Date "2016.09.04"]
[Round "3.11"]
[White "Seeman, Tarvo"]
[Black "Sipila, Vilka"]
[Result "1-0"]
[ECO "A06"]
[WhiteElo "2407"]
[BlackElo "2447"]
[Annotator ""]
[PlyCount "37"]
[EventDate "2016.??.??"]
[EventCountry "AZE"]
[SourceTitle "playchess.com"]
[Source "ChessBase"]
[WhiteTeam "Estonia"]
[BlackTeam "Finland"]
[WhiteTeamCountry "EST"]
[BlackTeamCountry "FIN"]
[TimeControl "40/5400+30:1800+30"]

1. Nf3 {(00:00)} d5 {(00:00)} 2. g3 {(01:26)} c6 {(
00:00)} 3. Bg2 {(00:51)} Bg4 {(00:03)} 4. c4 {(02:32)} e6
{(00:12)} 5. O-O {(01:41)} Nd7 {(00:33)} 6. d3 {(
03:39)} Ngf6 {(00:17)} 7. Be3 {(03:15)} dxc4 {(20:54)} 8.
dxc4 {(00:16)} Bc5 {(00:11)} 9. Bxc5 {(02:50)} Nxc5 {
(00:11)} 10. Nc3 {(00:47)} Qb6 {(01:20)} 11. Ne5 {(
13:51)} Bh5 {(19:04)} 12. b4 {(20:08)} Qxb4 {(09:28)} 13.
Qd6 {(01:53)} Qb6 {(20:40)} 14. Nxc6 {(06:21)} bxc6 {
(01:28)} 15. Rab1 {(01:08)} Qa5 {(02:58)} 16. Bxc6+ {
(03:22)} Ncd7 {(00:41)} 17. Bxa8 {(02:33)} Qxc3 {(
00:08)} 18. Bc6 {(00:27)} Bxe2 {(00:08)} 19. Rb8# {(00:28]
} 1-0

[Event "42nd Olympiad Baku 2016 Open"]
[Site "Baku"]
[Date "2016.09.04"]
[Round "3.12"]
[White "Sethuraman, S P."]
[Black "Guseinov, Gadir"]
[Result "1/2-1/2"]
[ECO "E91"]
[WhiteElo "2640"]
[BlackElo "2625"]
[Annotator ""]
[PlyCount "79"]
[EventDate "2016.??.??"]
[EventCountry "AZE"]
[SourceTitle "playchess.com"]
[Source "ChessBase"]
[WhiteTeam "India"]
[BlackTeam "Azerbaijan"]
[WhiteTeamCountry "IND"]
[BlackTeamCountry "AZE"]
[TimeControl "40/5400+30:1800+30"]

1. d4 {(00:00)} Nf6 {(00:00)} 2. c4 {(00:01)} g6 {(
00:00)} 3. Nc3 {(00:04)} Bg7 {(00:00)} 4. e4 {(00:07)} d6
{(00:00)} 5. Be2 {(00:09)} O-O {(00:18)} 6. Nf3 {(
00:05)} c6 {(04:02)} 7. O-O {(00:53)} e5 {(00:04)} 8. d5 {
(00:24)} Na6 {(00:11)} 9. Ne1 {(04:01)} Nc5 {(02:
10)} 10. f3 {(00:47)} cxd5 {(00:35)} 11. cxd5 {(00:09)}
Nh5 {(00:14)} 12. Be3 {(05:34)} a6 {(01:00)} 13. b4 {
(03:54)} Nd7 {(02:22)} 14. Rc1 {(02:44)} Nf4 {(03:
42)} 15. Bc4 {(01:59)} Nb6 {(26:38)} 16. Bb3 {(05:13)} Bd7
{(00:10)} 17. g3 {(07:09)} Nh5 {(07:39)} 18. Nd3 {(
02:11)} Rc8 {(00:47)} 19. Ne2 {(13:54)} Rxc1 {(13:49)} 20.
Qxc1 {(01:33)} f5 {(00:29)} 21. exf5 {(10:13)} gxf5 {
(00:20)} 22. f4 {(00:08)} Bb5 {(06:20)} 23. Qc2 {(
05:01)} Nd7 {(12:09)} 24. fxe5 {(11:05)} Nxe5 {(04:39)}
25. Nxe5 {(09:58)} Bxe5 {(00:10)} 26. a4 {(04:21)} f4 {
(08:40)} 27. axb5 {(02:42)} fxe3 {(00:05)} 28. Qc1 {
(00:31)} Rxf1+ {(03:18)} 29. Qxf1 {(00:48)} axb5 {(
00:50)} 30. Qc1 {(01:28)} Qg5 {(02:48)} 31. Qc8+ {(00:09)}
Kg7 {(00:08)} 32. Qxb7+ {(01:26)} Kh6 {(00:10)} 33. Qf7 {
(00:10)} Qf6 {(01:10)} 34. Qxf6+ {(01:31)} Nxf6 {(
00:06)} 35. Kg2 {(00:03)} Ne4 {(00:22)} 36. Bc2 {(00:08)}
Nf6 {(01:13)} 37. Bb3 {(02:11)} Ne4 {(00:05)} 38. Bc2 {
(00:04)} Nf6 {(01:31)} 39. Bb3 {(00:06)} Ne4 {(00:
37)} 40. Bc2 {(00:00)} 1/2-1/2